 Dungeon Crawl Stone Soup version 0.25.1-2-g60ff931df9 (webtiles) character file.

Game seed: 4352125251057257821

24820 HawFromDerth the Eclecticist (level 12, -6/66 HPs)
             Began as a Deep Elf Ice Elementalist on Sept 23, 2020.
             Shot with an arrow by a centaur warrior (18 damage)
             ... on level 15 of the Dungeon.
             The game lasted 01:25:15 (24007 turns).

HawFromDerth the Eclecticist (DEIE)                Turns: 24007, Time: 01:25:16

Health: -6/66      AC:  4    Str:  5    XL:     12   Next: 84%
Magic:  16/33      EV: 16    Int: 26    God:
Gold:   570        SH:  0    Dex: 15    Spells: 15/41 levels left

rFire    . . .     SeeInvis .   w - +13 scythe of Curses {drain, *Curse}
rCold    . . .     Gourm    .   (shield currently unavailable)
rNeg     . . .     Faith    .   a - +1 robe
rPois    .         Spirit   .   (no helmet)
rElec    .         Reflect  .   (no cloak)
rCorr    .         Harm     .   G - +0 pair of gloves
MR       +....                  (no boots)
Stlth    ++++......             v - amulet of the acrobat
HPRegen  0.21/turn              e - ring of wizardry
MPRegen  0.23/turn              (no ring)

@: marked
A: no striking features
a: no special abilities


You were on level 15 of the Dungeon.
You were not hungry.

You visited 1 branch of the dungeon, and saw 14 of its levels.

You collected 700 gold pieces.
You spent 130 gold pieces at shops.

Inventory:

Hand Weapons
 l - a +2 dagger of protection
 o - a +2 falchion of freezing
 w - the +13 scythe of Curses (weapon) {drain, *Curse}
   (You acquired it on level 10 of the Dungeon)

   A truly terrible weapon, it drains the life of those it strikes.
   It curses itself when equipped.
Armour
 a - a +1 robe (worn)
 G - a +0 pair of gloves (worn)
Jewellery
 e - a ring of wizardry (left hand)
 m - an uncursed amulet of guardian spirit {unknown}
 v - an amulet of the acrobat (around neck)
Wands
 g - a wand of flame (35)
 p - a wand of random effects (37)
 x - a wand of polymorph (7)
 y - a wand of paralysis (4)
 z - a wand of digging (4)
 D - a wand of iceblast (5)
Scrolls
 b - 3 scrolls of teleportation
 d - 5 scrolls of remove curse
 f - a scroll of amnesia
 j - 5 scrolls of blinking
 t - 3 scrolls of enchant weapon
 A - 4 scrolls of identify
 B - a scroll of acquirement
Potions
 h - 2 potions of curing
 i - 5 potions of flight
 k - 5 potions of haste
 n - 2 potions of stabbing
 q - 3 potions of heal wounds
 r - 2 potions of might
 s - a potion of degeneration
 u - a potion of brilliance
 C - a potion of magic
 E - 2 potions of berserk rage {unknown}
Comestibles
 c - 10 rations


   Skills:
 + Level 3.7 Fighting
 + Level 2.0(3.4) Short Blades
 + Level 3.9(4.1) Long Blades
 + Level 3.8 Polearms
 + Level 6.9 Dodging
 + Level 7.2 Stealth
 + Level 15.0 Spellcasting
 + Level 4.5 Conjurations
 + Level 2.4 Hexes
 + Level 8.3 Summonings
 + Level 2.2 Necromancy
 + Level 12.6 Ice Magic


You had 15 spell levels left.
You knew the following spells:

 Your Spells              Type           Power        Failure   Level  Hunger
a - Freeze                Ice            ####         0%          1    None
b - Frozen Ramparts       Ice            ######       1%          3    None
c - Summon Ice Beast      Ice/Summ       ######..     1%          4    None
d - Hailstorm             Conj/Ice       ######..     1%          4    None
e - Ozocubu's Armour      Chrm/Ice       ######..     1%          3    None
f - Animate Dead          Necr           N/A          4%          4    None
g - Tukima's Dance        Hex            ####....     1%          3    None
h - Dispel Undead         Necr           ####....     4%          4    None

Your spell library contained the following spells:

 Spells                   Type           Power        Failure   Level  Hunger
 Animate Skeleton         Necr           N/A          1%          1    None
 Apportation              Tloc           ###...       1%          1    None
 Pain                     Necr           ####         1%          1    None
 Summon Butterflies       Summ           ######..     1%          1    None
 Corpse Rot               Necr/Air       N/A          1%          2    None
 Confusing Touch          Hex            ####....     1%          3    None
 Vampiric Draining        Necr           ####......   1%          3    None
 Metabolic Englaciation   Hex/Ice        ######....   1%          5    #......
 Fulminant Prism          Conj/Hex       #####.....   2%          4    None
 Lesser Beckoning         Tloc           ###.......   3%          3    None
 Agony                    Necr           ####....     12%         5    #......
 Alistair's Intoxication  Tmut/Pois      ###.....     28%         5    #......
 Invisibility             Hex            ####....     50%         6    ####...
 Discord                  Hex            ####......   100%        8    #######


Dungeon Overview and Level Annotations

Branches:
Dungeon (15/15)            Temple (0/1) D:6            Lair (0/6) D:11
    Orc (0/2) D:10         Vaults (0/5) D:14
 Depths: D:15

Altars:
Cheibriados
Uskayaw

Shops:
D:14 !

Annotations:
D:11 exclusion: oklob plant


Message History

The wall freezes the centaur.
The harpy skeleton completely resists.
The wall freezes the harpy skeleton but do no damage.
The harpy skeleton claws you but does no damage.
The harpy skeleton misses you.
The wall freezes the wyvern.
The wall freezes the centaur!
The centaur wields a +0 shortbow.
The centaur shoots an arrow.
The arrow barely misses you.
The arrow hits the water elemental.
The wall freezes the water elemental!
You swap places.
Your surroundings suddenly seem different.
Okay, then.
You start resting.
A centaur warrior comes into view.
You feel better.
The frozen ramparts melt away.
The centaur warrior wields a +0 shortbow.
The centaur warrior shoots an arrow.
The arrow barely misses you.
Casting: Hailstorm (safe; 1% risk of failure)
Confirm with . or Enter, or press ? or * to list all spells.
A chill wind blows around you.
The centaur warrior shoots an arrow.
The arrow hits you!!
You die...

.. .##
..# ...
#c# #
#.#
#.##.#
#..@.#
+..##.#
## #Y#
#.# ...
#.# #.#
#.#


You could see a centaur warrior and a friendly ice beast (summoned).

Vanquished Creatures
  2 vault guards (D:14)
  A two-headed ogre (D:10)
  An unseen horror (D:11)
  A wizard (D:14)
  A necromancer (D:14)
  An ugly thing (D:10)
  A manticore (D:11)
  A guardian serpent (shapeshifter) (D:14)
  A cyclops (D:14)
  A nameless horror (D:5)
  6 trolls
  2 meliai (D:14)
  2 hippogriffs
  16 yaks
  4 water elementals (D:15)
  3 shadows
  2 wyverns
  12 humans
  A fire elemental (D:14)
  A hog (D:11)
  2 hungry ghosts
  4 vampire mosquitoes (D:14)
  A water moccasin (D:12)
  A soldier ant (D:14)
  Duvessa (D:7)
  2 ice beasts
  An orc warrior (D:6)
  A slave (D:8)
  A phantom (D:14)
  3 black bears
  2 eyes of draining
  3 ogres
  A necrophage (D:9)
  3 sky beasts
  A centaur (D:9)
  4 bullfrogs
  Dowan (D:7)
  2 scorpions (D:14)
  A wight (D:4)
  9 killer bees
  2 jellies
  3 howler monkeys (D:9)
  5 crimson imps
  4 bullfrog zombies
  A quasit (D:12)
  A centaur zombie (D:10)
  7 hounds
  A centaur skeleton (D:5)
  2 orc priests
  2 bullfrog skeletons
  Ijyb (D:5)
  4 iguanas
  4 orc wizards
  9 worker ants
  A hound zombie (D:3)
  A hound skeleton (D:9)
  2 worker ant zombies
  11 adders
  2 gnolls (D:5)
  3 shadow imps
  5 white imps (D:14)
  An ooze (D:2)
  A worm (D:4)
  4 dart slugs
  7 leopard geckos
  14 orcs
  4 bats
  4 giant cockroaches
  11 goblins
  7 hobgoblins
  13 jackals
  2 kobolds
  7 quokkas
  4 frilled lizards
  A leopard gecko zombie (D:9)
  9 rats
264 creatures vanquished.

Vanquished Creatures (collateral kills)
  Kirke (D:12)
  Harold (D:10)
  A two-headed ogre (D:9)
  2 unseen horrors (D:14)
  Pikel (D:8)
  2 wizards (D:14)
  An ugly thing (D:12)
  A necromancer (D:14)
  A manticore (D:11)
  2 gargoyles
  A yaktaur (D:14)
  A tengu conjurer (D:14)
  A meliai (D:14)
  A hippogriff (D:7)
  2 wyverns
  5 humans (D:14)
  7 yaks
  A hog (D:11)
  A basilisk (D:14)
  A hungry ghost (D:10)
  A vampire mosquito (D:14)
  3 orc warriors
  A phantom (D:7)
  A sky beast (D:6)
  An ogre (D:7)
  2 bullfrogs (D:14)
  A wyvern zombie (D:9)
  A scorpion (D:14)
  3 killer bees
  A nameless horror (D:4)
  An electric eel (D:14)
  2 crimson imps
  A centaur zombie (D:10)
  A hound (D:9)
  2 orc priests (D:12)
  4 orc wizards
  An iguana (D:7)
  A hound skeleton (D:8)
  A gnoll (D:5)
  An adder (D:5)
  A shadow imp (D:14)
  7 white imps (D:14)
  An adder skeleton (D:9)
  9 orcs
  A leopard gecko skeleton (D:7)
83 creatures vanquished.

Vanquished Creatures (others)
  A dancing weapon (D:10)
  An ogre (D:8)
  A centaur (D:12)
  A slave (D:8)
  An iguana (D:8)
  An orc (D:8)
  A giant cockroach (D:8)
  A jackal (D:8)
8 creatures vanquished.

Grand Total: 355 creatures vanquished

Notes
Turn   | Place    | Note
-------+----------+-------------------------------------------
     0 | D:1      | HawFromDerth the Deep Elf Ice Elementalist began the quest
                  | for the Orb.
     0 | D:1      | Reached XP level 1. HP: 10/10 MP: 6/6
   272 | D:1      | Reached XP level 2. HP: 15/15 MP: 6/8
  1030 | D:2      | Reached skill level 5 in Ice Magic
  1257 | D:2      | Reached XP level 3. HP: 17/19 MP: 7/10
  1262 | D:2      | Learned a level 3 spell: Frozen Ramparts
  1604 | D:2      | Reached skill level 4 in Spellcasting
  1768 | D:2      | Reached XP level 4. HP: 19/24 MP: 8/12
  2622 | D:3      | Noticed a bullfrog
  2627 | D:3      | Killed a bullfrog
  2627 | D:3      | Reached XP level 5. HP: 26/28 MP: 8/13
  2946 | D:3      | Reached skill level 1 in Short Blades
  3487 | D:4      | Noticed an ogre
  3499 | D:4      | Killed an ogre
  3499 | D:4      | Reached skill level 5 in Spellcasting
  3499 | D:4      | Reached XP level 6. HP: 17/33 MP: 11/15
  4689 | D:4      | Learned a level 4 spell: Summon Ice Beast
  4694 | D:4      | Learned a level 4 spell: Hailstorm
  4698 | D:4      | Learned a level 3 spell: Ozocubu's Armour
  4919 | D:4      | Reached XP level 7. HP: 24/37 MP: 6/17
  5180 | D:4      | Noticed a nameless horror
  5831 | D:4      | Reached skill level 6 in Spellcasting
  5886 | D:5      | Entered Level 5 of the Dungeon
  6201 | D:5      | Noticed Ijyb
  6212 | D:5      | Killed Ijyb
  6623 | D:5      | Killed a nameless horror
  6624 | D:5      | Reached skill level 1 in Fighting
  7225 | D:6      | Found a hide-covered altar of Uskayaw.
  7249 | D:6      | Found a staircase to the Ecumenical Temple.
  7280 | D:6      | Reached skill level 5 in Stealth
  7386 | D:6      | Reached skill level 1 in Long Blades
  7559 | D:6      | Reached skill level 7 in Spellcasting
  7756 | D:7      | Noticed Duvessa
  7757 | D:7      | Noticed Dowan
  7763 | D:7      | Killed Dowan
  7763 | D:7      | Reached XP level 8. HP: 43/43 MP: 12/20
  7766 | D:7      | Killed Duvessa
  7766 | D:7      | Reached skill level 1 in Summonings
  7956 | D:7      | Noticed a hippogriff
  7970 | D:7      | Killed a hippogriff
  9458 | D:8      | Learned a level 4 spell: Animate Dead
  9535 | D:8      | You fall into a shaft and drop 3 floors!
  9536 | D:11     | Noticed an oklob plant
  9644 | D:11     | Reached skill level 8 in Spellcasting
  9658 | D:11     | Reached XP level 9. HP: 48/48 MP: 2/23
 10126 | D:11     | Noticed a manticore
 10142 | D:11     | Killed a manticore
 10336 | D:11     | Noticed a troll
 10344 | D:10     | Entered Level 10 of the Dungeon
 10382 | D:10     | Reached skill level 9 in Spellcasting
 10556 | D:10     | Learned a level 3 spell: Tukima's Dance
 10647 | D:10     | Noticed a two-headed ogre
 10661 | D:10     | Killed a two-headed ogre
 10661 | D:10     | Reached skill level 10 in Spellcasting
 11016 | D:10     | Found a staircase to the Orcish Mines.
 11098 | D:10     | Noticed Harold
 11101 | D:10     | Noticed a troll
 11124 | D:10     | Killed Harold
 11124 | D:10     | Reached skill level 1 in Hexes
 11124 | D:10     | Reached XP level 10. HP: 45/54 MP: 6/26
 11524 | D:10     | Noticed a gargoyle
 11536 | D:10     | Killed a gargoyle
 11536 | D:10     | Reached skill level 5 in Summonings
 11728 | D:10     | Noticed a red ugly thing
 11731 | D:10     | Reached skill level 11 in Spellcasting
 11731 | D:10     | Reached skill level 10 in Ice Magic
 11923 | D:10     | Killed a red ugly thing
 12189 | D:10     | Identified a scroll of acquirement
 12189 | D:10     | Acquired the +13 scythe of Curses {drain, *Curse}
 12190 | D:10     | Found the +13 scythe of Curses {drain, *Curse}
 13021 | D:9      | Reached skill level 5 in Dodging
 13361 | D:9      | Noticed a two-headed ogre
 13368 | D:9      | Killed a two-headed ogre
 13368 | D:9      | Reached skill level 1 in Polearms
 14829 | D:8      | Noticed Pikel
 14845 | D:8      | Killed Pikel
 14845 | D:8      | Reached skill level 12 in Spellcasting
 14845 | D:8      | Reached XP level 11. HP: 58/58 MP: 12/29
 16628 | D:11     | Killed an unseen horror
 16628 | D:11     | Reached skill level 1 in Conjurations
 16955 | D:11     | Found a staircase to the Lair.
 18923 | D:12     | Reached skill level 13 in Spellcasting
 19085 | D:12     | Acquired Kiraod's Compendium of Curses and Sinister Secrets
 19098 | D:12     | Learned a level 4 spell: Dispel Undead
 19271 | D:12     | Noticed Kirke
 19285 | D:12     | Killed Kirke
 19615 | D:12     | Noticed a white ugly thing
 19629 | D:12     | Killed a white ugly thing
 19936 | D:12     | You fall into a shaft and drop 2 floors!
 19971 | D:14     | Found a snail-covered altar of Cheibriados.
 20097 | D:14     | Killed an unseen horror
 20349 | D:14     | Reached XP level 12. HP: 59/62 MP: 31/31
 21210 | D:14     | Found Tomnalaf's Distillery.
 21220 | D:14     | Bought 2 potions of heal wounds for 100 gold pieces
 21220 | D:14     | Bought a potion of curing for 30 gold pieces
 21706 | D:14     | Reached skill level 1 in Necromancy
 22321 | D:14     | Reached skill level 14 in Spellcasting
 22528 | D:14     | Noticed a vault guard
 22793 | D:14     | Noticed a vault guard
 22801 | D:14     | Killed a vault guard
 23051 | D:14     | Killed a vault guard
 23458 | D:14     | Found a gate to the Vaults.
 23988 | D:15     | Entered Level 15 of the Dungeon
 23996 | D:15     | Reached skill level 15 in Spellcasting
 23997 | D:15     | Noticed a two-headed ogre
 24004 | D:15     | Noticed a centaur warrior
 24007 | D:15     | Shot with an arrow by a centaur warrior

Illustrated notes

Levels and vault maps discovered:
D:1:      psy_arrival_basics, layout_loops_cross, minmay_misc_feat_rugged,
          minmay_misc_feat_alley
D:2:      layout_loops_ring, wander_ebering_terrifying_dragon_lair
D:3:      minmay_recursive_quarters, layout_basic
D:4:      minmay_clustersquares, layout_loops_corners, first_ration
D:5:      layout_cave_pools, small_statue_intersection, uniq_ijyb
D:6:      layout_basic, kennysheep_little_box, minmay_temple_entry_butterflies
D:7:      layout_loops_ring, uniq_duvessa
D:8:      layout_basic, uniq_pikel
D:9:      layout_stronghold
D:10:     layout_basic, uniq_harold
D:11:     layout_small_grid, dpeg_oklobed_lair, grunt_livestock,
          minmay_misc_feat_ornament
D:12:     layout_irregular_city, uniq_kirke
D:14:     layout_basic, grunt_vaults_entry_tiered, serial_shops,
          nicolae_shop_behind_doors, cheibriados_altar_1,
          portal_ice_cave_entry_imps
D:15:     grunt_enter_depths_magical_seal, layout_basic, chequers_big_river,
          not_door_vault_due

Skill      XL: |  1  2  3  4  5  6  7  8  9 10 11 12 |
---------------+-------------------------------------+-----
Ice Magic      | 5 6 7 8 9 10 11 12 | 12.6
Spellcasting   | 4 5 7 8 10 12 13 15 | 15.0
Stealth        | 3 4 5 6 7 |  7.2
Dodging        | 3 4 5 6 |  6.9
Short Blades   | 1 2 |  2.0
Fighting       | 1 2 3 |  3.7
Long Blades    | 1 3 |  3.9
Summonings     | 3 4 5 7 8 |  8.3
Hexes          | 1 2 |  2.4
Polearms       | 3 |  3.8
Conjurations   | 2 4 |  4.5
Necromancy     | 2 |  2.2

Action                   |  1- 3 |  4- 6 |  7- 9 | 10-12 || total
-------------------------+-------+-------+-------+-------++-------
Melee: Unarmed           |     2 |       |       |       ||     2
       Dagger            |     8 |   119 |     8 |       ||   135
       Falchion          |       |       |   103 |     2 ||   105
       Scythe            |       |       |       |   164 ||   164
 Cast: Freeze            |    36 |    28 |    19 |    17 ||   100
       Frozen Ramparts   |     2 |    13 |    18 |    40 ||    73
       Summon Ice Beast  |       |     1 |    44 |   110 ||   155
       Hailstorm         |       |       |     6 |    93 ||    99
       Tukima's Dance    |       |       |     4 |     4 ||     8
       Dispel Undead     |       |       |       |     7 ||     7
       Animate Dead      |       |       |       |     3 ||     3
  Use: Scroll            |       |     4 |     6 |    16 ||    26
       Potion            |       |       |     1 |     6 ||     7
 Stab: Sleeping          |     3 |     9 |     7 |    10 ||    29
       Distracted        |       |       |       |     2 ||     2
  Eat: Chunk             |     3 |     7 |     9 |     2 ||    21
       Ration            |       |     2 |     6 |    11 ||    19
Armor: Robe              |     4 |    41 |    29 |    50 ||   124
       Ice dragon scales |       |     1 |       |       ||     1
Dodge: Dodged            |    21 |    81 |   109 |   267 ||   478
       Rpst.: Falchion   |       |       |    28 |     2 ||    30
